AoeStats
← 清融

Lombardia

509531290Analyzed
2v2 RM · 6d ago on Sep 27, 2026· 31m 55s· 4 players
Game mode
Random Map
Map size
Medium (4 player)
Population
200
Speed
Normal
Resources
Standard
Victory
Conquest
Starting age
Dark Age
Ending age
Imperial Age
RankedLock teamsTeams togetherTeam positionsShared explorationLock speedFull tech treeHidden civsTurbo modeCheats
Victory
Defeat
🇨🇱 Khmer · Chile
875
+13
🇦🇷 Huns · Argentina
839
+13
🇨🇱 Teutons · Chile
802
-13
🇨🇳 Spanish · China
795
-13
drip_trpz #Grandma Peek
9:29 Feudal Age
15:29 Castle Age
14:48 Stone Mining
14:55 Gold Mining
14:55 Double-Bit Axe
22:14 Husbandry
22:24 Bloodlines
25:28 Fletching
29:11 Bloodlines
29:04 Tusk Swords
32:01 Bodkin Arrow
32:06 Padded Archer Armor
32:13 Scale Barding Armor
mxmauchjob
6:42 Loom
9:09 Feudal Age
10:25 Double-Bit Axe
10:50 Horse Collar
14:24 Forging
21:57 Castle Age
20:23 Padded Archer Armor
20:14 Fletching
20:37 Bloodlines
23:40 Thumb Ring
23:42 Gold Mining
25:44 Gold Shaft Mining
28:24 Leather Archer Armor
28:04 Bodkin Arrow
29:19 Stone Mining
cristobal.queutre.91
0:46 Loom
16:34 Feudal Age
19:02 Wheelbarrow
18:13 Town Watch
18:20 Gold Mining
18:13 Horse Collar
18:21 Double-Bit Axe
18:38 Stone Mining
18:48 Man-at-Arms
19:49 Arson
24:05 Castle Age
23:09 Bloodlines
23:02 Scale Mail Armor
25:40 Hand Cart
25:26 Town Patrol
25:29 Heavy Plow
26:07 Stone Shaft Mining
27:02 Pikeman
27:44 Squires
27:30 Gambesons
30:08 Ballistics
清融
10:13 Feudal Age
12:11 Double-Bit Axe
12:11 Horse Collar
14:39 Loom
21:23 Castle Age
21:34 Stone Mining
25:09 Bow Saw
Connection lost

Rejoining the realm…

Still unreachable

The connection could not be restored.

Session expired

The server has moved on; the page needs a fresh start.